 Dungeon Crawl Stone Soup version 0.28-a0-563-gf77a47075d (webtiles) character file.

Game seed: 4784506834017842524

3346 bande the Cleaver (level 10, -15/60 HPs)
             Began as a Gargoyle Fighter on Sept 29, 2021.
             Demolished by an orc warrior (18 damage)
             ... in a bailey.
             The game lasted 00:15:03 (6422 turns).

bande the Cleaver (Gargoyle Fighter)                Turns: 6422, Time: 00:15:04

Health: -15/60     AC: 20    Str: 21    XL:     10   Next: 2%
Magic:  10/10      EV:  4    Int:  9    God:
Gold:   356        SH: 19    Dex: 17    Spells: 9/9 levels left

rFire   . . .      SeeInvis .   a - +0 war axe
rCold   . . .      Faith    .   j - +3 tower shield
rNeg    + . .      Spirit   .   h - +0 chain mail
rPois   ∞          Reflect  .   (no helmet)
rElec   +          Harm     .   (no cloak)
rCorr   .          Rampage  .   (no gloves)
Will    .....                   b - +2 pair of boots {Fly}
Stlth   ..........              e - amulet of regeneration
HPRegen 1.20/turn               g - +6 ring of dexterity
MPRegen 0.12/turn               m - +4 ring of slaying

@: mighty, flying
A: sickness immunity, AC +7, negative energy resistance 1, electricity
resistance, torment resistance 1, petrification resistance
a: no special abilities


You were in a bailey.
You visited 2 branches of the dungeon, and saw 9 of its levels.
You also visited: Ossuary and Bailey.

You collected 356 gold pieces.

Inventory:

Hand Weapons
 a - a +0 war axe (weapon)
 k - a +0 flail
Missiles
 o - 2 throwing nets (quivered)
Armour
 b - a +2 pair of boots of flying (worn)
 h - a +0 chain mail (worn)
 j - a +3 tower shield (worn)
Jewellery
 c - an amulet of magic regeneration
 e - an amulet of regeneration (around neck)
 g - a +6 ring of dexterity (left hand)
 m - a +4 ring of slaying (right hand)
 A - a ring of wizardry
Wands
 p - a wand of flame (3)
 t - a wand of paralysis (6)
 y - a wand of charming (8)
Scrolls
 l - 4 scrolls of teleportation
 q - 4 scrolls of enchant armour
 w - a scroll of identify
Potions
 d - a potion of might
 f - a potion of cancellation
 i - a potion of ambrosia
 n - a potion of haste {unknown}
 r - 3 potions of flight
 s - a potion of heal wounds {unknown}
 u - 2 potions of curing
 v - a potion of lignification {unknown}
 x - a potion of resistance {unknown}
 z - a potion of mutation {unknown}


   Skills:
 + Level 6.0 Fighting
 + Level 8.0 Axes
 + Level 6.2 Armour
 - Level 0.1 Stealth
 + Level 7.6 Shields
 * Level 5.2 Evocations


You had 9 spell levels left.
You didn't know any spells.
Your spell library contained the following spells:

 Spells                   Type           Power      Damage    Failure   Level
 Conjure Flame            Conj/Fire      0%         6-21      100%        3
 Ignite Poison            Fire/Tmut/Pois 0%         N/A       100%        3
 Inner Flame              Hex/Fire       0%         N/A       100%        3
 Cause Fear               Hex            0%         N/A       100%        4
 Sticky Flame             Conj/Fire      0%         2d3       100%        4
 Discord                  Hex            0%         N/A       100%        8


Dungeon Overview and Level Annotations

Branches:
Dungeon (8/15)             Temple (1/1) D:5         Ossuary (visited)
 Bailey (1/1)
   Lair: D:8-11

Altars:
Cheibriados
Dithmenos
Elyvilon
Fedhas
Gozag
Hepliaklqana
Kikubaaqudgha
Makhleb
Nemelex Xobeh
Qazlal
Ru
Sif Muna
Uskayaw
Vehumet
Wu Jian
Xom
Yredelemnul
Zin
The Shining One

Shops:
D:3 (


Innate Abilities, Weirdness & Mutations

You are immune to sickness and miasma.
Your stone body is resilient. (AC +7)
You are immune to poison.
You resist negative energy. (rN+)
You are resistant to electric shocks. (rElec)
You are resistant to unholy torment.
You are immune to petrification.


Message History

The orc warrior hits you from afar with a +0 glaive.
You block the orc's attack.
You hit the orc knight but do no damage.
An orc warrior comes into view. It is wielding a +0 arbalest.
You block the orc's attack. x3
The orc knight hits you with a +0 glaive!
The orc warrior hits you from afar with a +0 glaive!
* * * LOW HITPOINT WARNING * * *
The orc warrior shoots a bolt.
The bolt hits you but does no damage.
The orc warrior shoots a bolt.
The bolt hits you but does no damage.
The orc warrior shoots a bolt.
The bolt hits you but does no damage. The orc hits you but does no damage.
You slash the orc knight!
The orc knight is moderately wounded.
You block the orc's attack. x2
The orc knight hits you but does no damage.
You block the orc warrior's attack.
The orc warrior shoots a bolt.
The bolt hits you.
* * * LOW HITPOINT WARNING * * *
The orc warrior shoots a bolt.
The bolt barely misses you.
The orc warrior shoots a bolt.
You block the bolt. The orc hits you but does no damage.
Unknown command.
You feel better. You block the orc's attack. x2
You block the orc warrior's attack.
The orc knight hits you with a +0 glaive!
* * * LOW HITPOINT WARNING * * *
The orc warrior shoots a bolt.
You block the bolt.
The orc warrior shoots a bolt.
The bolt hits you.
* * * LOW HITPOINT WARNING * * *
The orc warrior shoots a bolt.
The bolt hits you.
* * * LOW HITPOINT WARNING * * *
The orc hits you but does no damage.
Unknown command.
You closely miss the orc knight.
The orc knight is moderately wounded.
You block the orc's attack. You block the orc knight's attack.
You block the orc's attack.
The orc warrior hits you from afar with a +0 glaive!!
You die...

### ##∩#########
#.∩.##.....##
≈..#...#.o≈≈≈..#
o≈≈o......≈≈o≈≈.#
oo≈.......@oo.≈.+
≈o≈≈o......≈≈o≈≈.#
≈≈≈..#...#..≈≈≈..#
....##...##.o...##
#### ##∩#########
##


You could see an orc knight, 4 orc warriors and 3 orcs.

Vanquished Creatures
  Pikel (D:8)
  Joseph (D:7)
  A water moccasin (D:7)
  2 ice beasts
  An ogre (D:7)
  A black bear (D:7)
  A necrophage (D:7)
  A centaur (D:5)
  2 phantoms
  A lemure (D:8)
  2 kobold brigands
  A bullfrog (D:8)
  A wyvern zombie (D:8)
  3 scorpions
  2 wyvern skeletons (D:6)
  3 water moccasin zombies (Ossuary)
  A gnoll shaman (D:4)
  2 hounds (D:5)
  A jelly (D:7)
  3 bullfrog skeletons
  2 centaur skeletons (D:6)
  5 orc priests
  6 iguanas
  5 orc wizards
  2 killer bee zombies
  2 mummies (Ossuary)
  5 gnolls (D:4)
  6 adders
  A white imp (D:8)
  An ufetubus (D:6)
  6 adder zombies (Ossuary)
  4 dart slugs
  31 orcs
  8 bats
  6 endoplasms
  4 giant cockroaches
  9 gnoll zombies (Ossuary)
  10 goblins
  8 hobgoblins
  3 jackals (D:2)
  4 quokkas
  7 ball pythons
  2 frilled lizards
  12 hobgoblin zombies (Ossuary)
  12 kobolds
  2 kobold zombies (Ossuary)
  5 orc zombies (Ossuary)
  5 rats
204 creatures vanquished.

Notes
Turn   | Place    | Note
-------+----------+-------------------------------------------
     0 | D:1      | bande the Gargoyle Fighter began the quest for the Orb.
     0 | D:1      | Reached XP level 1. HP: 14/14 MP: 1/1
   313 | D:1      | Reached XP level 2. HP: 19/19 MP: 2/2
   374 | D:1      | Found a faded altar of an unknown god.
   427 | D:1      | Reached skill level 2 in Axes
   625 | D:1      | Reached XP level 3. HP: 24/24 MP: 3/3
  1287 | D:2      | Identified a scroll of acquirement
  1287 | D:2      | Acquired a +2 pair of boots of flying
  1355 | D:2      | Noticed a scorpion
  1363 | D:2      | Killed a scorpion
  1364 | D:2      | Reached XP level 4. HP: 24/29 MP: 4/4
  1542 | D:2      | Reached skill level 3 in Axes
  1598 | D:2      | Reached XP level 5. HP: 33/33 MP: 5/5
  2541 | D:3      | Found Ejuyfystrin's Antique Weapon Boutique.
  2612 | D:3      | Found a stormy altar of Qazlal.
  2698 | D:3      | Reached skill level 1 in Evocations
  3132 | D:4      | Reached XP level 6. HP: 38/38 MP: 6/6
  3173 | D:4      | Found a snail-covered altar of Cheibriados.
  3210 | D:4      | Reached skill level 4 in Axes
  3378 | D:4      | Reached XP level 7. HP: 44/44 MP: 7/7
  3657 | D:5      | Entered Level 5 of the Dungeon
  3826 | D:5      | Reached skill level 5 in Axes
  3891 | D:5      | Reached skill level 5 in Shields
  3902 | D:5      | Reached XP level 8. HP: 42/48 MP: 8/8
  4013 | D:5      | Found a sand-covered staircase.
  4018 | Ossuary  | Entered an ossuary
  4096 | Ossuary  | Reached skill level 5 in Armour
  4121 | Ossuary  | Reached skill level 5 in Fighting
  4121 | Ossuary  | Reached skill level 6 in Axes
  4231 | D:5      | Found a staircase to the Ecumenical Temple.
  4461 | Temple   | Entered the Ecumenical Temple
  4928 | D:6      | Found an ancient bone altar of Kikubaaqudgha.
  5109 | D:7      | Reached XP level 9. HP: 54/54 MP: 9/9
  5434 | D:7      | Noticed Joseph
  5455 | D:7      | Killed Joseph
  5456 | D:7      | Reached skill level 7 in Axes
  5473 | D:7      | Found a white marble altar of Elyvilon.
  5615 | D:7      | Found a sparkling altar of Nemelex Xobeh.
  5920 | D:7      | Found an opulent altar of Gozag.
  5966 | D:7      | Found a glowing golden altar of the Shining One.
  6177 | D:8      | Noticed Pikel
  6192 | D:8      | Killed Pikel
  6193 | D:8      | Reached skill level 5 in Evocations
  6303 | D:8      | Reached skill level 8 in Axes
  6303 | D:8      | Reached XP level 10. HP: 60/60 MP: 10/10
  6397 | D:8      | Found a flagged portal.
  6412 | Bailey   | Entered a bailey
  6412 | Bailey   | Noticed an orc knight
  6421 | Bailey   | HP: 1/60 [orc warrior/bolt (3)]
  6422 | Bailey   | Demolished by an orc warrior

Illustrated notes

Levels and vault maps discovered:
D:1:      minmay_arrival_floating_metal, layout_loops_ring,
          ebering_ecumenical_altar_hall, grunt_decor_junction
D:2:      minmay_angry_zag, layout_basic, feat_on_display
D:3:      layout_basic, nicolae_qazlal_scattered_showers, serial_shops, shop
D:4:      layout_basic, mainiacjoe_overflow_surrounded_room
D:5:      layout_gridville, minmay_temple_entry_slanted, portal_sewer_entry_d,
          nicolae_ossuary_entry_plus, roderic_serpentine_path
D:6:      layout_rooms, nicolae_kikubaaqudgha_miasma_corner
D:7:      layout_loops_ring, lemuel_doored_altar, nemelex_diamond_rough_becter,
          mainiacjoe_overflow_catch_the_wave, uniq_joseph
D:8:      layout_basic, okawaru_humans, dpeg_oklobed_lair, enter_bailey_5,
          minmay_holes, uniq_pikel
Temple:   minmay_temple_bridge_abc
Bailey:   bailey_polearm_4, bailey

Skill      XL: |  1  2  3  4  5  6  7  8  9 10 |
---------------+-------------------------------+-----
Axes           | 2 3 4 5 6 8 |  8.0
Armour         | 4 5 6 |  6.2
Fighting       | 4 5 6 |  6.0
Evocations     | 1 2 4 5 |  5.2
Shields        | 4 5 6 7 |  7.6
Stealth        | |  0.1

Action                   |  1- 3 |  4- 6 |  7- 9 | 10-12 || total
-------------------------+-------+-------+-------+-------++-------
Melee: War axe           |   110 |   180 |   383 |    19 ||   692
  Use: Scroll            |     3 |     4 |     7 |       ||    14
       Potion            |       |       |       |     2 ||     2
Armor: Scale mail        |    48 |       |       |       ||    48
       Chain mail        |    25 |   150 |   163 |    23 ||   361
Dodge: Dodged            |    68 |    47 |    44 |     5 ||   164
Block: Buckler           |    30 |    26 |       |       ||    56
       Tower shield      |       |    61 |   388 |    51 ||   500

Table legend: (Time is in decaauts)
 A = Elapsed time spent in this place.
 B = Non-inter-level travel time spent in this place.
 C = Inter-level travel time spent in this place.
 D = Time resting spent in this place.
 E = Time spent auto-exploring this place.
 F = Levels seen in this place.
 G = Mean time per level.
                   A        B        C        D        E       F      G
               +--------+--------+--------+--------+--------+-----+--------+
         Total |   6796 |   6739 |     57 |    424 |   4044 |  11 |  617.8 |
       Dungeon |   6387 |   6330 |     57 |    424 |   3870 |   8 |  798.4 |
        Temple |    141 |    141 |      0 |      0 |     99 |   1 |  141.0 |
       Ossuary |    256 |    256 |      0 |      0 |     75 |   1 |  256.0 |
        Bailey |     10 |     10 |      0 |      0 |      0 |   1 |   10.0 |
               +--------+--------+--------+--------+--------+-----+--------+

Top non-repeatable levels by time:
     D:1: 1186 daAuts
     D:7: 1122 daAuts
     D:2: 1119 daAuts
     D:3: 889 daAuts
     D:5: 712 daAuts
     D:4: 629 daAuts
     D:6: 427 daAuts
     D:8: 299 daAuts
 Ossuary: 256 daAuts
  Temple: 141 daAuts
  Bailey: 10 daAuts
